 Dungeon Crawl Stone Soup version 0.23-a0-458-g93a6ea9 (webtiles) character file.

16 JeffiDaFish the Grave Robber (level 2, -1/15 HPs)
             Began as a Deep Elf Necromancer on Nov 25, 2018.
             Slain by an ooze (4 damage)
             ... on level 1 of the Dungeon.
             The game lasted 00:03:08 (1328 turns).

JeffiDaFish the Grave Robber (Deep Elf Necromancer) Turns: 1328, Time: 00:03:09

Health: -1/15      AC:  3    Str:  5    XL:     2   Next: 41%
Magic:  5/8        EV: 13    Int: 21    God:
Gold:   38         SH:  0    Dex: 13    Spells: 6/7 levels left

rFire    . . .     SeeInvis .   e - +0 short sword
rCold    . . .     Gourm    .   (no shield)
rNeg     . . .     Faith    .   a - +0 robe
rPois    .         Spirit   .   (no helmet)
rElec    .         Reflect  .   (no cloak)
rCorr    .         Harm     .   (no gloves)
MR       .....     Clarity  +   f - +0 pair of boots
Stlth    ++........             (no amulet)
HPRegen  0.05/turn              (no ring)
MPRegen  0.11/turn              (no ring)

@: no status effects
A: clarity, clever 1, clumsy 1, wild magic 1
a: no special abilities


You were on level 1 of the Dungeon.
You were not hungry.

You visited 1 branch of the dungeon, and saw 1 of its levels.

You collected 38 gold pieces.

Inventory:

Hand Weapons
 e - a +0 short sword (weapon)
Armour
 a - a +0 robe (worn)
 f - a +0 pair of boots (worn)
Scrolls
 b - a scroll of remove curse
 g - 2 scrolls of magic mapping
Comestibles
 c - a ration


   Skills:
 + Level 2.8 Dodging
 - Level 2.4 Stealth
 + Level 3.3 Spellcasting
 * Level 5.2 Necromancy


You had 6 spell levels left.
You knew the following spells:

 Your Spells              Type           Power        Failure   Level  Hunger
a - Pain                  Necr           ####         3%          1    None

Your spell library contained the following spells:

 Spells                   Type           Power        Failure   Level  Hunger
 Animate Skeleton         Necr           N/A          3%          1    None
 Vampiric Draining        Necr           ####......   7%          3    ###....
 Regeneration             Chrm/Necr      ###.......   19%         3    ###....
 Animate Dead             Necr           N/A          21%         4    ####...


Dungeon Overview and Level Annotations

Branches:
Dungeon (1/15)

Altars:


Innate Abilities, Weirdness & Mutations

You possess an exceptional clarity of mind.
Your mind is acute. (Int +2)
You are clumsy. (Dex -2)
Your spells are a little harder to cast, but a little more powerful.


Message History

You see here a hunting sling.
Casting: Pain (safe; 3% risk of failure)
Confirm with . or Enter, or press ? or * to list all spells.
Aiming: Pain (safe; 3% risk of failure)
Press: ? - help, Shift-Dir - straight line, f - ooze
Aim: an ooze (lightly wounded, chance to defeat MR: 84%)
The ooze barely resists.
Casting: Pain (safe; 3% risk of failure)
Confirm with . or Enter, or press ? or * to list all spells.
Aiming: Pain (safe; 3% risk of failure)
Press: ? - help, Shift-Dir - straight line, f/p - ooze
Aim: an ooze (lightly wounded, chance to defeat MR: 84%)
The ooze writhes in agony!
The ooze closely misses you.
Casting: Pain (safe; 3% risk of failure)
Confirm with . or Enter, or press ? or * to list all spells.
Aiming: Pain (safe; 3% risk of failure)
Press: ? - help, Shift-Dir - straight line, f/p - ooze
Aim: an ooze (severely wounded, chance to defeat MR: 84%)
The ooze writhes in agony!
The ooze hits you.
You die...

.## ##...## ..####..#..#
.......###.###########
..####..#[...).......##
.....##...#######.....#####
.........K...#
#..........#######
.....#######.#
#......###(....... ..####
#.# #.#...## ########. ..#
#.# #@##.## #. ..# #K#
#J##.# #. #.# #.# #K##.# #.
#.# #.###.##.# ##. ..#
#.K.....(# #.. ..#***##*
######..#.# #..
#.#,,,#.###.##....#.# #..
*,,,*,#...#..#.####.# ###
*****,###.##.#..# #.#


You could see an ooze and a kobold.

Vanquished Creatures
  A dart slug (D:1)
  A bat (D:1)
  4 goblins (D:1)
  A hobgoblin (D:1)
  5 kobolds (D:1)
  A rat (D:1)
13 creatures vanquished.

Notes
Turn   | Place    | Note
-------+----------+-------------------------------------------
     0 | D:1      | JeffiDaFish the Deep Elf Necromancer began the quest for
                  | the Orb.
     0 | D:1      | Reached XP level 1. HP: 10/10 MP: 6/6
   166 | D:1      | Reached skill level 5 in Necromancy
   580 | D:1      | Reached XP level 2. HP: 8/15 MP: 5/8
  1190 | D:1      | Gained mutation: Your mind is acute. (Int +2) [potion of
                  | mutation]
  1190 | D:1      | Gained mutation: Your spells are a little harder to cast,
                  | but a little more powerful. [potion of mutation]
  1190 | D:1      | Gained mutation: You are clumsy. (Dex -2) [potion of
                  | mutation]
  1190 | D:1      | Gained mutation: You possess an exceptional clarity of
                  | mind. [potion of mutation]
  1328 | D:1      | Slain by an ooze

Vault maps used:
D:1:      psy_arrival_radial01

Skill      XL: |  1 |
---------------+----+-----
Necromancy     | 5 |  5.2
Dodging        | |  2.8
Stealth        | |  2.4
Spellcasting   | |  3.3

Action                   || total
-------------------------++-------
Melee: Short sword       ||     9
       Unarmed           ||     2
 Cast: Pain              ||    22
  Use: Scroll            ||     3
       Potion            ||     3
 Stab: Sleeping          ||     1
  Eat: Chunk             ||     1
Armor: Robe              ||     1
Dodge: Dodged            ||    12

Table legend:
 A = Non-vault XP
 B = Vault XP
 C = Vault XP percentage of total XP
 D = Non-vault monster count
 E = Vault monster count
 F = Vault count percentage of total count
                 A         B        C        D         E       F
            +---------+---------+-------+---------+---------+-------
      Total |      24 |       0 |   0.0 |      13 |       0 |   0.0
            +---------+---------+-------+---------+---------+-------
        D:1 |      24 |       0 |   0.0 |      13 |       0 |   0.0
            +---------+---------+-------+---------+---------+-------
